 Dungeon Crawl Stone Soup version 0.21.1-1-g345015f (webtiles) character file.

100 theblackcape the Insei (level 4, -2/28 HPs)
             Began as an Octopode Transmuter on June 4, 2018.
             Killed by nerve-wracking pain
             ... invoked by an orc priest
              (8 damage)
             ... on level 3 of the Dungeon.
             The game lasted 00:08:51 (2310 turns).

theblackcape the Insei (Octopode Transmuter)        Turns: 2310, Time: 00:08:51

Health: -2/28      AC:  1    Str:  9    XL:     4   Next: 73%
Magic:  5/7        EV: 14    Int: 15    God:
Gold:   48         SH:  0    Dex: 13    Spells: 5/8 levels left

rFire    . . .     SeeInvis .     - Unarmed
rCold    . . .     Gourm    .   (no shield)
rNeg     . . .     Faith    .   (helmet restricted)
rPois    .         Spirit   .   (no amulet)
rElec    .         Reflect  .   (no ring)
rCorr    .         Harm     .   (no ring)
MR       .....                  (no ring)
Stlth    ++........             (no ring)
HPRegen  0.09/turn              (no ring)
MPRegen  0.10/turn              (no ring)
                                (no ring)
                                (no ring)

@: confused, very slightly contaminated
A: almost no armour, stealthy swim, amphibious, 8 rings, constrict 8, camouflage
1, gelatinous body 1
a: no special abilities


You were on level 3 of the Dungeon.
You were not hungry.

You visited 1 branch of the dungeon, and saw 3 of its levels.

You collected 48 gold pieces.

Inventory:

Missiles
 a - 27 arrows
Scrolls
 d - 2 scrolls of identify {unknown}
 e - 2 scrolls of teleportation {unknown}
 g - a scroll of remove curse {unknown}
 h - a scroll of fear {unknown}
 l - a scroll of blinking {unknown}
 n - a scroll of magic mapping {unknown}
Potions
 f - a potion of degeneration {unknown}
 i - a potion of magic {unknown}
 j - 2 potions of brilliance {unknown}
 k - a potion of berserk rage {unknown}
 o - a potion of curing {unknown}
Books
 b - a book of Changes

   Spells                             Type                      Level
   a - Beastly Appendage              Transmutation                1
   b - Sticks to Snakes               Transmutation                2
   c - Spider Form                    Transmutation/Poison         3
   d - Ice Form                       Ice/Transmutation            4
   e - Blade Hands                    Transmutation                5
Comestibles
 c - 7 rations
 m - a chunk of flesh


   Skills:
 - Level 1.0 Fighting
 + Level 2.4 Dodging
 + Level 4.2 Unarmed Combat
 + Level 2.6 Spellcasting
 + Level 2.7 Transmutations


You had 5 spell levels left.
You knew the following spells:

 Your Spells              Type           Power        Failure   Level  Hunger
a - Beastly Appendage     Tmut           ##....       7%          1    #......
b - Sticks to Snakes      Tmut           ##......     11%         2    ###....


Dungeon Overview and Level Annotations

Branches:
Dungeon (3/15)

Altars:
Ashenzari
Makhleb


Innate Abilities, Weirdness & Mutations

You cannot wear most types of armour.
You are very stealthy in the water. (Stealth+)
You are amphibious.
You can wear up to eight rings at the same time.
You can use your tentacles to constrict eight enemies at once.
Your skin changes colour to match your surroundings (Stealth+).
Your rubbery body absorbs attacks. (AC +1, EV +1)


Message History

You constrict the orc wizard. The orc priest barely misses you.
The orc wizard gestures at you while chanting.
You are confused.
You release your grip on the orc wizard.
The orc priest misses you. The orc wizard hits you with a dagger.
You tentacle-slap the orc priest.
The orc priest is moderately wounded.
The orc priest hits you with a hand axe of freezing.
The orc priest freezes you. The orc wizard hits you with a dagger.
The orc priest hits you with a hand axe of freezing.
* * * LOW HITPOINT WARNING * * *
The orc priest freezes you.
* * * LOW HITPOINT WARNING * * *
The orc wizard misses you.
There is a stone staircase leading up, spattered with blood here.
You miss the orc wizard.
The orc wizard is moderately wounded.
The orc priest invokes the aid of Beogh against you.
Pain shoots through your body!
You die...

#...o...#......####
..._..!............
#...................
#.........#.......
#.....S...#.$.....
####..J.....##....
##.###.#.......
#.....oo.(..#.
#.(...@..##.#
#........# ..
#........# .
##########


You could see an orc priest and an orc wizard.

Vanquished Creatures
  2 adders (D:2)
  An ooze (D:1)
  6 dart slugs
  A leopard gecko (D:1)
  An orc (D:3)
  3 ball pythons
  5 bats
  3 giant cockroaches (D:2)
  3 goblins
  6 hobgoblins
  8 kobolds
  A quokka (D:2)
  6 frilled lizards
  5 rats
  A plant (D:1)
52 creatures vanquished.

Vanquished Creatures (collateral kills)
  2 adders
  An ooze (D:3)
3 creatures vanquished.

Grand Total: 55 creatures vanquished

Notes
Turn   | Place    | Note
-------+----------+-------------------------------------------
     0 | D:1      | theblackcape the Octopode Transmuter began the quest for the Orb.
     0 | D:1      | Reached XP level 1. HP: 13/13 MP: 3/3
    83 | D:1      | Reached XP level 2. HP: 18/18 MP: 3/5
   412 | D:1      | Reached XP level 3. HP: 19/23 MP: 6/6
   484 | D:1      | Learned a level 2 spell: Sticks to Snakes
  1060 | D:2      | Found a shattered altar of Ashenzari.
  1144 | D:2      | Reached XP level 4. HP: 18/28 MP: 5/7
  1223 | D:2      | Reached skill level 4 in Unarmed Combat
  2222 | D:3      | Found a burning altar of Makhleb.
  2310 | D:3      | Killed from afar by an orc priest

Skill      XL: |  1  2  3  4 |
---------------+-------------+-----
Unarmed Combat | 4 |  4.2
Fighting       | |  1.0
Dodging        | |  2.4
Spellcasting   | |  2.6
Transmutations | |  2.7

Action                   |  1- 3 |  4- 6 || total
-------------------------+-------+-------++-------
Melee: Unarmed           |   109 |    35 ||   144
       Constrict         |    24 |    10 ||    34
       Kick              |     7 |     3 ||    10
       Tentacles         |    16 |     7 ||    23
       Punch             |     4 |     1 ||     5
 Cast: Beastly Appendage |    12 |     7 ||    19
       Sticks to Snakes  |       |     3 ||     3
 Stab: Sleeping          |     5 |     1 ||     6
  Eat: Chunk             |     1 |     4 ||     5
Armor: Skin              |    13 |     2 ||    15
Dodge: Dodged            |    55 |    29 ||    84
